Map: Ephemeron LE

Players

MarineLorD

  • Race: Terran Terran
  • League: Master
  • Spawn Location: 11:00

BlyOnFire (Bly) - Winner!

  • Race: Zerg Zerg
  • League: Grandmaster
  • Spawn Location: 5:00

Event: HomeStory Cup XX

VOD

Have the link to the VOD?

Description

Time

  • Played on: Nov. 22, 2019, 3:21 p.m.
  • Length: 10:29

All games in this series

Show
View Real Time Build Order
Export as new Build Order

MarineLorD Terran 

Build Orders: Hellion Opening, Reaper Expand, Mech 

Get SALT Encoding   

  12  0:00  SCV  
  13  0:12  SCV  
  14  0:17  Supply Depot  
  14  0:24  SCV  
  15  0:39  Barracks, SCV  
  16  0:44  Refinery  
  16  0:51  SCV  
  17  1:03  SCV  
  18  1:15  SCV  
  19  1:26  Reaper  
  19  1:27  Orbital Command  
  20  1:41  Command Center  
  20  1:50  Supply Depot  
  20  1:52  SCV  
  21  1:58  Marine  
  22  2:04  SCV  
  23  2:13  Factory  
  23  2:16  SCV  
  23  2:19  Refinery  
  23  2:21  Barracks Reactor  
  24  2:28  SCV  
  25  2:41  SCV  
  26  2:53  SCV  
  26  3:05  SCV  
  25  3:08  Hellion x2  
  25  3:12  Marine, Starport  
  30  3:17  Orbital Command, SCV  
  31  3:29  Hellion x2, SCV  
  36  3:36  Marine  
  36  3:38  Supply Depot  
  37  3:41  SCV  
  37  3:45  SCV  
  39  3:53  Hellion, SCV  
  39  3:55  Hellion  
  44  3:58  SCV  
  43  4:05  SCV  
  43  4:10  SCV  
  43  4:13  Fusion Core  
  41  4:17  SCV  
  41  4:22  SCV  
  43  4:29  Starport Tech Lab, SCV  
  44  4:32  Hellion  
  44  4:33  Hellion  
  44  4:34  SCV  
  44  4:35  Supply Depot  
  49  4:42  SCV  
  50  4:46  SCV  
  51  4:54  SCV  
  51  4:58  SCV  
  53  5:06  Command Center, SCV  
  53  5:11  SCV  
  53  5:14  Battlecruiser  
  53  5:19  SCV  
  53  5:20  Supply Depot  
  59  5:23  SCV  
  59  5:27  Supply Depot  
  60  5:31  Widow Mine x2  
  60  5:35  Refinery  
  62  5:39  Refinery  
  62  5:42  SCV x2  
  64  5:47  Marine  
  65  5:53  Widow Mine x2  
  65  5:54  SCV x2  
  70  6:06  SCV x2  
  71  6:14  Widow Mine x2  
  71  6:18  SCV x2  
  74  6:30  SCV x2  
  76  6:35  Hellion  
  76  6:38  Hellion  
  76  6:39  Supply Depot, Orbital Command  
  79  6:41  Supply Depot  
  79  6:42  SCV x2  
  79  6:43  Supply Depot  
  73  6:54  SCV x2  
  73  6:57  Widow Mine  
  73  6:59  Widow Mine  
  79  7:06  SCV x2  
  79  7:08  Battlecruiser  
  82  7:18  Orbital Command, SCV x2  
  84  7:28  Factory, Armory  
  84  7:30  Factory, SCV x2  
  84  7:31  Armory  
  84  7:33  Factory Tech Lab  
  86  7:43  SCV x2  
  86  7:55  SCV x2  
  88  7:59  Siege Tank  
  88  8:05  Supply Depot, Engineering Bay  
  91  8:06  Supply Depot  
  91  8:07  Weapon Refit, SCV x2  
  91  8:12  Battlecruiser  
  98  8:16  Orbital Command  
  98  8:19  SCV x2  
  97  8:31  SCV x2  
  97  8:33  Factory Tech Lab, Thor  
  105  8:34  Terran Vehicle And Ship Armor Level 1  
  105  8:43  SCV x2  
  105  8:46  SCV  
  105  8:47  Missile Turret  
  108  8:52  Infernal Pre-Igniter  
  108  8:54  Thor  
  108  8:55  SCV x2  
  116  8:58  SCV  
  117  9:04  Supply Depot x2  
  117  9:06  Refinery, Missile Turret  
  117  9:07  Refinery, SCV x2  
  119  9:11  SCV  
  119  9:12  Missile Turret  
  117  9:19  SCV x2  
  117  9:23  SCV, Thor  
  125  9:26  Hellion  
  125  9:30  Supply Depot  
  127  9:31  SCV x2  
  127  9:35  SCV  
  127  9:37  Supply Depot  
  130  9:41  Thor  
  130  9:43  SCV x2  
  138  9:47  SCV  
  138  9:48  Factory x2  
  132  9:56  SCV x2  
  132  9:59  SCV  
  112  10:07  Hellion x2  
  112  10:08  SCV x2  
  112  10:11  SCV  
Show
View Real Time Build Order
Export as new Build Order

BlyOnFire Zerg - Winner!

Build Orders: Hatch First 

Get SALT Encoding   

  12  0:01  Drone  
  13  0:12  Overlord  
  13  0:16  Drone  
  14  0:31  Drone x2  
  16  0:47  Hatchery  
  15  0:52  Drone  
  15  0:55  Drone  
  17  0:58  Drone  
  18  1:09  Extractor  
  17  1:13  Spawning Pool  
  17  1:16  Drone  
  17  1:20  Drone  
  18  1:28  Drone  
  19  1:39  Drone  
  20  1:49  Overlord  
  20  2:00  Queen x2  
  24  2:02  Zergling x4  
  26  2:11  Drone x2  
  28  2:16  Metabolic Boost  
  28  2:23  Extractor  
  28  2:25  Drone x2  
  29  2:32  Drone  
  29  2:33  Drone  
  29  2:36  Queen  
  33  2:41  Extractor  
  33  2:57  Overlord  
  33  2:58  Drone x3  
  36  2:59  Extractor  
  36  3:02  Lair  
  36  3:04  Drone  
  36  3:10  Overlord  
  36  3:17  Extractor  
  36  3:19  Overlord  
  35  3:21  Extractor  
  35  3:22  Extractor  
  35  3:25  Zergling x12  
  39  3:32  Extractor  
  39  3:34  Drone  
  40  3:41  Drone x2  
  42  3:59  Zergling x14  
  49  4:06  Extractor  
  49  4:08  Overlord  
  46  4:15  Drone x2  
  47  4:18  Spire  
  47  4:23  Drone  
  44  4:27  Spine Crawler  
  43  4:31  Drone  
  43  4:32  Drone  
  43  4:36  Drone  
  43  4:37  Drone x5  
  51  4:53  Drone x3  
  53  5:11  Overlord  
  53  5:12  Drone x3  
  56  5:17  Overlord  
  56  5:23  Overlord  
  55  5:34  Mutalisk x8  
  69  5:48  Mutalisk  
  71  5:53  Hatchery  
  71  5:55  Mutalisk  
  72  5:58  Zergling x2  
  72  5:59  Zergling x6  
  76  6:10  Zerg Flyer Weapons Level 1, Overlord  
  77  6:11  Drone x3  
  78  6:27  Spore Crawler  
  78  6:28  Spore Crawler  
  78  6:30  Drone x9  
  78  6:32  Overseer  
  81  6:47  Mutalisk x4  
  87  6:56  Drone  
  87  6:57  Drone x3  
  91  7:01  Roach Warren  
  88  7:10  Mutalisk x2  
  88  7:11  Overlord  
  92  7:21  Drone x6  
  96  7:33  Extractor  
  90  7:42  Hatchery  
  90  7:43  Glial Reconstitution  
  85  7:52  Roach x9  
  85  7:56  Spine Crawler  
  102  7:59  Roach x2  
  106  8:07  Overlord  
  104  8:23  Roach  
  104  8:25  Overlord x3  
  106  8:34  Overlord x2  
  106  8:37  Overseer x2  
  106  8:44  Corruptor  
  106  8:45  Corruptor x6  
  120  8:58  Roach x7  
  134  9:06  Overlord  
  134  9:08  Roach  
  134  9:09  Roach x2  
  140  9:12  Ravager x5  
  145  9:24  Overseer  
  145  9:29  Roach x7  
  145  9:30  Overlord  
  159  9:45  Overlord  
  159  9:47  Overlord  
  139  10:03  Roach x14  
  152  10:09  Roach  
  152  10:10  Roach x2  
  154  10:24  Ravager x4  
Tags
 
Add a new tag
Caveats
  • Supply blocks, unpowered buildings, or Contaminate may cause inaccurate times.
  • Supply counts are checked every 10 seconds.